 Dungeon Crawl Stone Soup version 0.31-a0-177-g4aa6249778 (webtiles) character file.

Game seed: 17588652914304756060

75078 NoAnimeNoLife the Warrior (level 15, -13/147 HPs)
             Began as a Hill Orc Gladiator on June 19, 2023.
             Was the Champion of Qazlal.
             Mangled by an ettin
             ... wielding a +0 dire flail
              (41 damage)
             ... on level 1 of the Orcish Mines.
             The game lasted 00:19:21 (20851 turns).

NoAnimeNoLife the Warrior (Hill Orc Gladiator)     Turns: 20851, Time: 00:19:22

Health: -13/147    AC: 33    Str: 25    XL:     15   Next: 48%
Magic:  26/26      EV: 10    Int: 14    God:    Qazlal [******]
Gold:   1956       SH:  8    Dex: 14    Spells: 14/14 levels left

rFire   + . .        H - +3 broad axe
rCold   . . .        (no shield)
rNeg    . . .        P - +8 chain mail of Evolution {Int+3 Dex+2 Slay+3}
rPois   +            c - +2 helmet
rElec   .            x - +1 cloak
rCorr   +            y - +2 pair of gloves
SInv    .            (no boots)
Will    +....        T - amulet of regeneration Stlth
                     N - ring "Kuroto" {rCorr Slay+6}
HPRegen 1.24/turn    M - ring of the Empire {rPois rF+ Int+3 Stlth+}
MPRegen 0.20/turn

%: repel missiles
@: mighty, protected from physical damage, hasted, silenced, very quick
A: no striking features
a: Renounce Religion


You were on level 1 of the Orcish Mines.
You worshipped Qazlal.
Qazlal was exalted by your worship.
You visited 3 branches of the dungeon, and saw 18 of its levels.

You collected 1956 gold pieces.

Inventory:

Hand Weapons
 H - a +3 broad axe (weapon)
Missiles
 e - a javelin
Armour
 c - a +2 helmet (worn)
 x - a +1 cloak (worn)
 y - a +2 pair of gloves (worn)
 P - the +8 chain mail of Evolution (worn) {Int+3 Dex+2 Slay+3}
   (You found it on level 12 of the Dungeon)

   Int:       It affects your intelligence (+3).
   Dex:       It affects your dexterity (+2).
   Slay:      It affects your accuracy & damage with ranged weapons and melee
   (+3).
 W - the +0 pair of gloves "Lox Ikeigg" {rN+ Int-4 Dex+4 SInv}
   (You found it on level 3 of the Lair of Beasts)

   Int:       It affects your intelligence (-4).
   Dex:       It affects your dexterity (+4).
   rN:        It protects you from negative energy.
   SInv:      It lets you see invisible.
Jewellery
 u - a +6 ring of strength
 C - a +5 ring of evasion
 J - the ring "Pagulos" {rPois rF+ rC+ Int+4 Dex-4}
   (You took it off a death knight on level 11 of the Dungeon)

   [ring of protection from cold]

   Int:       It affects your intelligence (+4).
   Dex:       It affects your dexterity (-4).
   rF:        It protects you from fire.
   rC:        It protects you from cold.
   rPois:     It protects you from poison.
 M - the ring of the Empire (right hand) {rPois rF+ Int+3 Stlth+}
   (You took it off an orc wizard on level 11 of the Dungeon)

   [ring of poison resistance]

   Int:       It affects your intelligence (+3).
   rF:        It protects you from fire.
   rPois:     It protects you from poison.
   Stlth:     It makes you more stealthy.
 N - the ring "Kuroto" (left hand) {rCorr Slay+6}
   (You found it on level 11 of the Dungeon)

   [ring of resist corrosion]

   Slay:      It affects your accuracy & damage with ranged weapons and melee
   (+6).
   rCorr:     It protects you from acid and corrosion.
 O - the ring of Udoar {rN+ MP+9 Int+2 Dex-5}
   (You found it on level 11 of the Dungeon)

   [ring of magical power]

   Int:       It affects your intelligence (+2).
   Dex:       It affects your dexterity (-5).
   rN:        It protects you from negative energy.
   MP:        It affects your magic capacity (+9).
 T - an amulet of regeneration (around neck)
Wands
 a - a wand of polymorph (4)
 r - a wand of acid (1)
 B - a wand of mindburst (11)
 I - a wand of charming (2)
Scrolls
 g - 2 scrolls of amnesia
 h - 8 scrolls of teleportation
 k - a scroll of torment
 m - 3 scrolls of identify
 o - a scroll of revelation
 q - 2 scrolls of poison
 s - a scroll of fog
 D - a scroll of blinking
 E - 3 scrolls of fear
 F - a scroll of immolation
 K - 2 scrolls of butterflies
Potions
 f - 3 potions of berserk rage
 i - 4 potions of enlightenment
 j - 6 potions of curing
 l - 4 potions of brilliance
 n - a potion of ambrosia
 w - 2 potions of lignification
 S - 2 potions of might
 Y - a potion of mutation {unknown}


   Skills:
 + Level 17.5 Fighting
 - Level 16.0 Axes
 - Level 1.7 Throwing
 - Level 13.4 Armour
 - Level 2.4 Dodging
 - Level 15.4 Invocations
 - Level 9.6 Evocations


You had 14 spell levels left.
You didn't know any spells.
Your spell library contained the following spells:

 Spells                   Type           Power      Damage    Failure   Level
 Apportation              Tloc           0%         N/A       71%         1
 Freeze                   Ice            0%         1d3       71%         1
 Magic Dart               Conj           0%         1d3       71%         1
 Necrotise                Necr           0%         1d4       71%         1
 Sandblast                Erth           0%         2d4       71%         1
 Shock                    Conj/Air       0%         1d3       71%         1
 Summon Small Mammal      Summ           0%         N/A       71%         1
 Ensorcelled Hibernation  Hex/Ice        0%         N/A       83%         2
 Passwall                 Tmut/Erth      0%         N/A       83%         2
 Searing Ray              Conj           0%         2d4       83%         2
 Call Canine Familiar     Summ           0%         N/A       97%         3
 Frozen Ramparts          Ice            0%         1d1       97%         3
 Hailstorm                Conj/Ice       0%         3d3       97%         3
 Ozocubu's Armour         Ice            0%         N/A       97%         3
 Spider Form              Tmut/Pois      0%         N/A       97%         3
 Stone Arrow              Conj/Erth      0%         3d7       97%         3
 Summon Guardian Golem    Hex/Summ       0%         N/A       97%         3
 Swiftness                Air            0%         N/A       97%         3
 Airstrike                Air            0%         2d(0-16)  100%        4
 Anguish                  Hex/Necr       0%         N/A       100%        4
 Animate Armour           Summ/Erth      0%         N/A       100%        4
 Fulminant Prism          Conj/Hex       0%         3d5       100%        4
 Summon Lightning Spire   Summ/Air       0%         N/A       100%        4
 Blade Hands              Tmut           0%         N/A       100%        5
 Fireball                 Conj/Fire      0%         3d3       100%        5
 Iskenderun's Battlesphe  Conj           0%         2d6       100%        5
 Metabolic Englaciation   Hex/Ice        0%         N/A       100%        5
 Conjure Ball Lightning   Conj/Air       0%         3x3d6     100%        6
 Simulacrum               Ice/Necr       0%         N/A       100%        6
 Orb of Destruction       Conj           0%         9d5       100%        7
 Ozocubu's Refrigeration  Ice            0%         4d7       100%        7
 Discord                  Hex            0%         N/A       100%        8
 Disjunction              Tloc           0%         N/A       100%        8


Dungeon Overview and Level Annotations

Branches:
Dungeon (12/15)            Temple (0/1) D:5            Lair (5/5) D:10
 Shoals (0/4) Lair:3       Spider (0/4) Lair:2        Slime (0/5) Lair:5
    Orc (1/2) D:10

Altars:
Ashenzari
Cheibriados
Elyvilon
Fedhas
Hepliaklqana
Nemelex Xobeh
Qazlal
Ru
Trog
Wu Jian
The Shining One
Beogh
Jiyva

Shops:
D:3 *   D:8 *

Portals:
Trove: D:12 (give 2 scrolls of acquirement)

Annotations:
D:4 2 transporters
D:11 4 runed translucent doors, alignant's ghost, journeyman MiBe
D:12 2 transporters, goupaloupa's ghost, journeyman DsFi
Orc:1 1 transporter, 1 runed translucent door


Message History

* * * LOW HITPOINT WARNING * * *
The ettin completely misses you.
Magic scrolls do not work when you're silenced!
Throw: throwing net
Press: ? - help, Q - select action, (/) - cycle Shift-Dir - straight line, f - ettin
Aim: an ettin, wielding a +0 dire flail and a +0 great mace (silenced, lightly wounded, berserk, 88% to hit, immune to nets)
Okay, then.
You have 1956 gold pieces.
Char dumped successfully.
Magic scrolls do not work when you're silenced!
Okay, then.
Okay, then.
Aiming: Charm
Press: ? - help, Shift-Dir - straight line, f - ettin
Aim: an ettin, wielding a +0 dire flail and a +0 great mace (silenced, lightly wounded, berserk, chance to affect: 53%)
Okay, then.
Okay, then.
Okay, then.
Magic scrolls do not work when you're silenced!
Unknown command.
Aiming: Polymorph
Press: ? - help, Shift-Dir - straight line, f - ettin
Aim: an ettin, wielding a +0 dire flail and a +0 great mace (silenced, lightly wounded, berserk, will become a tyrant leech, a komodo dragon, or an eye of devastation, chance to affect: 53%)
Okay, then.
Magic scrolls do not work when you're silenced!
Unknown command.
Okay, then.
Throw: throwing net
Press: ? - help, Q - select action, (/) - cycle Shift-Dir - straight line, f - ettin
Aim: an ettin, wielding a +0 dire flail and a +0 great mace (silenced, lightly wounded, berserk, 88% to hit, immune to nets)
You throw a throwing net. The throwing net hits the ettin.
The ettin is too large for the net to hold!
The ettin is lightly wounded.
The ettin barely misses you. The ettin hits you but does no damage.
Aiming: Charm
Press: ? - help, Shift-Dir - straight line, f/p - ettin
Aim: an ettin, wielding a +0 dire flail and a +0 great mace (silenced, lightly wounded, berserk, chance to affect: 53%)
The ettin resists with significant effort.
The ettin hits you with a +0 dire flail!!!
You die...

###.©.### ###...
#y#####y# #.....
######## ##....
+.©.'..##
####...
+...'...##
####.###..
#...#.°..###
##.#....##.
#######[○#○#
#..........
##W##y#..###
##......... #+
###@°#e#
##..##....
...$$[_:$○C○°#y#
#.......#. #
....$?)|$.○TT#e#
##.##..... #
..⌠..$$)..⌠..#e#
#####.^.. #
............#e#
#....
..........###
#.... #
########## ##...
# #######○ y#
##... #
###..©..###
######....


You could see an ettin (berserk), a deep elf elementalist (repels missiles), a
deep troll, 4 moths of wrath, a deep elf pyromancer, 2 deep elf zephyrmancers
and a troll.

Vanquished Creatures
  A tentacled starspawn (Lair:3)
  Azrael (D:12)
  A yaktaur captain (D:11)
  6 hydras
  A catoblepas (Lair:5)
  6 two-headed ogres
  2 centaur warriors
  A death knight (D:11)
  6 death yaks (Lair:1)
  A tengu warrior (D:11)
  3 boulder beetles
  5 skeletal warriors
  3 orc knights
  3 oklob plants (D:12)
  3 manticores
  3 cyclopes
  8 elephants (Lair:5)
  Joseph (D:10)
  A water nymph (Lair:3)
  4 gargoyles
  Maurice (D:12)
  A black mamba (Lair:5)
  13 cane toads
  3 unseen horrors
  3 rime drakes
  4 kobold demonologists
  8 komodo dragons
  A yaktaur (D:10)
  A tengu conjurer (D:9)
  9 trolls
  4 hornets
  7 polar bears
  24 blink frogs
  Prince Ribbit (D:6)
  13 dream sheep
  A jumping spider (Lair:2)
  A vampire (D:9)
  12 spriggans (Lair:5)
  5 wyverns
  44 yaks
  3 wraiths
  2 fire elementals (D:12)
  5 basilisks
  Grum (D:8)
  Eustachio (D:4)
  A human (Lair:3)
  2 steam dragons
  2 vampire mosquitoes (D:11)
  Menkaure (D:7)
  6 wargs
  4 swamp worms (Lair:3)
  3 acid dragons
  5 hell hounds (D:12)
  Duvessa (D:7)
  A floating eye (D:12)
  2 sky beasts
  15 water moccasins
  3 black bears (Lair:5)
  2 ice beasts
  13 orc warriors
  5 ogres
  5 boggarts (Lair:5)
  27 wolves
  9 centaurs
  A phantom (D:5)
  3 kobold brigands
  A gnoll sergeant (D:12)
  4 bullfrogs
  4 scorpions
  6 wights
  Dowan (D:7)
  3 killer bees (D:7)
  7 howler monkeys
  A jelly (D:5)
  5 hounds
  A sleepcap (D:4)
  15 orc priests
  6 iguanas
  24 orc wizards
  9 hell rats
  14 gnolls
  5 adders
  A howler monkey simulacrum (D:9)
  3 dart slugs (D:1)
  2 worms (D:3)
  91 orcs
  5 ball pythons
  4 endoplasms
  3 giant cockroaches (D:1)
  8 goblins
  9 hobgoblins
  23 kobolds
  A quokka (D:2)
  2 bats (D:1)
  9 frilled lizards
  7 rats
  A starspawn tentacle (Lair:3)
614 creatures vanquished.

Vanquished Creatures (collateral kills)
  3 orcs (D:10)
3 creatures vanquished.

Vanquished Creatures (others)
  A starspawn tentacle (Lair:3)
1 creature vanquished.

Grand Total: 618 creatures vanquished

Notes
Turn   | Place    | Note
-------+----------+-------------------------------------------
     0 | D:1      | NoAnimeNoLife the Hill Orc Gladiator began the quest for
                  | the Orb.
     0 | D:1      | Reached XP level 1. HP: 18/18 MP: 1/1
    24 | D:1      | Reached XP level 2. HP: 24/25 MP: 2/2
    43 | D:1      | Reached skill level 3 in Fighting
   222 | D:1      | Found a faded altar of an unknown god.
   438 | D:1      | Reached XP level 3. HP: 29/31 MP: 3/3
   722 | D:2      | Found a stormy altar of Qazlal.
   729 | D:2      | Reached skill level 5 in Axes
   744 | D:2      | Became a worshipper of Qazlal Stormbringer
  1704 | D:3      | Reached skill level 4 in Fighting
  1704 | D:3      | Reached XP level 4. HP: 40/40 MP: 4/4
  1961 | D:3      | Found Oroul's General Store.
  1998 | D:3      | Reached * piety under Qazlal
  2307 | D:3      | Found a sparkling altar of Nemelex Xobeh.
  2392 | D:4      | Noticed a scorpion
  2406 | D:4      | Killed a scorpion
  2407 | D:4      | Reached skill level 5 in Fighting
  2407 | D:4      | Reached XP level 5. HP: 43/48 MP: 5/5
  2431 | D:4      | Found a hazy altar of Hepliaklqana.
  2718 | D:4      | Reached XP level 6. HP: 46/56 MP: 6/6
  2792 | D:4      | Noticed Eustachio
  2801 | D:4      | Killed Eustachio
  2802 | D:4      | Reached skill level 6 in Fighting
  2819 | D:4      | Found a transporter.
  2854 | D:4      | Found a snail-covered altar of Cheibriados.
  2871 | D:4      | Reached XP level 7. HP: 43/64 MP: 7/7
  3380 | D:4      | Found a transporter.
  3438 | D:4      | Reached skill level 7 in Fighting
  3544 | D:5      | Entered Level 5 of the Dungeon
  3562 | D:5      | HP: 1/66 [ogre/+0 giant spiked club (24)]
  3571 | D:5      | Reached XP level 8. HP: 4/74 MP: 8/8
  3817 | D:5      | Reached skill level 8 in Fighting
  3830 | D:5      | Noticed a troll
  3841 | D:5      | Killed a troll
  3970 | D:5      | Reached skill level 10 in Axes
  3976 | D:5      | Reached ** piety under Qazlal
  3991 | D:5      | Reached skill level 9 in Fighting
  4269 | D:5      | Found a staircase to the Ecumenical Temple.
  4902 | D:6      | Reached XP level 9. HP: 48/85 MP: 9/9
  4915 | D:5      | Reached skill level 10 in Fighting
  5144 | D:6      | Found a sacrificial altar of Ru.
  5202 | D:6      | Reached skill level 11 in Fighting
  5202 | D:6      | Reached *** piety under Qazlal
  5398 | D:6      | Found a white marble altar of Elyvilon.
  5414 | D:6      | Noticed Prince Ribbit
  5429 | D:6      | Killed Prince Ribbit
  5430 | D:6      | Reached skill level 12 in Fighting
  5430 | D:6      | Reached XP level 10. HP: 64/97 MP: 10/10
  5598 | D:6      | Found a blossoming altar of Fedhas.
  5656 | D:6      | Found an ornate altar of the Wu Jian Council.
  6419 | D:7      | Noticed Dowan
  6419 | D:7      | Noticed Duvessa
  6433 | D:7      | Killed Duvessa
  6440 | D:7      | Killed Dowan
  6441 | D:7      | Reached skill level 13 in Fighting
  6711 | D:7      | Noticed a two-headed ogre
  6718 | D:7      | Killed a two-headed ogre
  6884 | D:7      | Noticed Menkaure
  6888 | D:7      | Killed Menkaure
  7087 | D:8      | Found Rjoejepa's Retail Resort.
  7404 | D:8      | Noticed Grum
  7409 | D:8      | Reached **** piety under Qazlal
  7410 | D:8      | Reached skill level 15 in Axes
  7416 | D:8      | Killed Grum
  7760 | D:8      | Reached XP level 11. HP: 108/108 MP: 11/11
  8111 | D:9      | Reached skill level 1 in Armour
  8151 | D:9      | Noticed a two-headed ogre
  8157 | D:9      | Killed a two-headed ogre
  8165 | D:9      | Noticed a soul eater
  8712 | D:9      | Found a runed translucent door.
  8915 | D:9      | Noticed a centaur warrior
  8934 | D:9      | Killed a centaur warrior
  8935 | D:9      | Reached skill level 5 in Armour
  9146 | D:10     | Entered Level 10 of the Dungeon
  9181 | D:10     | Found a staircase to the Orcish Mines.
  9187 | D:10     | Noticed Joseph
  9200 | D:10     | Killed Joseph
  9433 | D:10     | Found a glowing golden altar of the Shining One.
  9449 | D:10     | Found a staircase to the Lair.
  9511 | D:10     | Noticed a cyclops
  9528 | D:10     | Killed a cyclops
  9761 | D:10     | Found a broken altar of Ashenzari.
  9940 | D:11     | Noticed a cyclops
  9956 | D:11     | Killed a cyclops
 10037 | D:11     | Reached ***** piety under Qazlal
 10038 | D:11     | Reached XP level 12. HP: 114/116 MP: 12/12
 10080 | D:11     | Found a runed translucent gate.
 10080 | D:11     | Found a runed translucent gate.
 10080 | D:11     | Found a runed translucent gate.
 10080 | D:11     | Noticed a minotaur
 10082 | D:11     | Noticed alignant's ghost (journeyman MiBe)
 10389 | D:11     | Noticed a boulder beetle
 10391 | D:11     | Reached skill level 10 in Armour
 10392 | D:11     | Noticed a two-headed ogre
 10395 | D:11     | Noticed a centaur warrior
 10401 | D:11     | Killed a two-headed ogre
 10404 | D:11     | Killed a centaur warrior
 10419 | D:11     | Killed a boulder beetle
 10426 | D:11     | Noticed a boulder beetle
 10636 | D:11     | Noticed a five-headed hydra
 10646 | D:11     | Identified the ring "Pagulos" {rPois rF+ rC+ Int+4 Dex-4}
 10646 | D:11     | Noticed a death knight
 10651 | D:10     | Killed a five-headed hydra
 10810 | D:10     | Killed a boulder beetle
 10945 | D:11     | Killed a death knight
 11319 | D:11     | Identified the ring of the Empire {rPois rF+ Int+3 Stlth+}
 11640 | D:11     | Reached skill level 1 in Invocations
 11665 | D:11     | Noticed a two-headed ogre
 11683 | D:11     | Killed a two-headed ogre
 11726 | D:10     | Reached skill level 5 in Invocations
 12075 | D:11     | Reached XP level 13. HP: 113/123 MP: 16/18
 12302 | D:11     | Found a runed translucent door.
 12302 | D:11     | Found a runed translucent door.
 12302 | D:11     | Noticed a yaktaur captain
 12303 | D:11     | Found a runed translucent door.
 12316 | D:11     | Identified the ring "Kuroto" {rCorr Slay+6}
 12329 | D:11     | Identified the ring of Udoar {rN+ MP+9 Int+2 Dex-5}
 12396 | D:11     | Killed a yaktaur captain
 12830 | D:12     | Noticed Maurice
 12833 | D:12     | Noticed goupaloupa's ghost (journeyman DsFi)
 12882 | D:12     | Killed Maurice
 12912 | D:12     | Identified the +8 chain mail of Evolution {Int+3 Dex+2
                  | Slay+3}
 13051 | D:12     | Found a transporter.
 13067 | D:12     | Found a transporter.
 13327 | D:12     | Found a portal to a secret trove of treasure.
 13358 | D:12     | Noticed Azrael
 13375 | D:12     | Killed Azrael
 14007 | D:12     | Identified the +0 scale mail of Filth {Str+3 Int+3 Stlth+}
 14230 | Lair:1   | Entered Level 1 of the Lair of Beasts
 14323 | Lair:1   | Reached skill level 15 in Invocations
 14323 | Lair:1   | Reached XP level 14. HP: 53/130 MP: 16/25
 14554 | Lair:1   | Reached skill level 1 in Evocations
 14588 | Lair:1   | Reached skill level 14 in Fighting
 14630 | Lair:1   | Identified the +0 scale mail "Geatzuen" {Stlth+}
 15597 | Lair:2   | Found a hole to the Spider Nest.
 15646 | Lair:2   | Found a sacrificial altar of Ru.
 16083 | Lair:3   | Found a staircase to the Shoals.
 16587 | Lair:3   | Reached skill level 15 in Fighting
 16645 | Lair:3   | Reached skill level 5 in Evocations
 16705 | Lair:3   | Found a transporter.
 16796 | Lair:3   | Found a transporter.
 16891 | Lair:3   | Found a runed translucent door.
 16896 | Lair:3   | Noticed a tentacled starspawn
 17105 | Lair:3   | Killed a tentacled starspawn
 17228 | Lair:3   | Identified the +0 pair of gloves "Lox Ikeigg" {rN+ Int-4
                  | Dex+4 SInv}
 17727 | Lair:4   | Identified the +1 robe "Xionoeb" {rElec Str+5 Slay-6
                  | Archmagi}
 18187 | Lair:5   | Entered Level 5 of the Lair of Beasts
 18195 | Lair:5   | Reached skill level 16 in Fighting
 18265 | Lair:5   | Reached XP level 15. HP: 92/145 MP: 26/26
 18656 | Lair:5   | Reached skill level 17 in Fighting
 18678 | Lair:5   | Found a viscous altar of Jiyva.
 18678 | Lair:5   | Found a staircase to the Slime Pits.
 19691 | Orc:1    | Entered Level 1 of the Orcish Mines
 19691 | Orc:1    | Found a roughly hewn altar of Beogh.
 19719 | Orc:1    | Reached ****** piety under Qazlal
 19809 | Orc:1    | Found a transporter.
 20350 | Orc:1    | Found a bloodstained altar of Trog.
 20350 | Orc:1    | Found the +8 Wrath of Trog {antimagic, *Rage Rampage}
 20728 | Orc:1    | Found a transporter.
 20728 | Orc:1    | Found a runed translucent door.
 20833 | Orc:1    | Noticed a deep elf elementalist
 20851 | Orc:1    | Mangled by an ettin

Illustrated notes

Levels and vault maps discovered:
D:1:      onia_arrival_pyramid, layout_basic, chequers_ecumenical_altar_twisty
D:2:      layout_basic, basic_altar
D:3:      layout_loops_ring, nemelex_diamond_rough_becter, serial_shops, shop
D:4:      gammafunk_steamed_eel, layout_cave_pools,
          mainiacjoe_overflow_alcove_2, mainiacjoe_overflow_paths,
          uniq_eustachio
D:5:      layout_basic, minmay_temple_entry_trees, guppyfry_early_lair_pool
D:6:      layout_loops_ring, fedhas_ov_isle_minmay, lemuel_crystal_altar,
          mainiacjoe_overflow_catwalk_spiral, minivault_11, uniq_prince_ribbit1
D:7:      layout_loops_corners, uniq_menkaure, uniq_duvessa
D:8:      layout_gridville, nicolae_alphabet_shops, uniq_grum
D:9:      layout_irregular_city, wad_hexagon
D:10:     layout_rooms, mainiacjoe_overflow_tiny_flanked, old_standard_altar,
          lair_entry_dummy, erik_orc_4, minmay_checkerbox, uniq_joseph
D:11:     minmay_the_grid_triangle_9x9_rhombus_full_mashed
          [minmay_the_grid_triangle_9x9_negative_grid,
          minmay_the_grid_triangle_9x9_zippers_horizontal,
          minmay_the_grid_triangle_9x9_from_above,
          minmay_the_grid_triangle_9x9_skeleton,
          minmay_the_grid_triangle_9x9_windchime,
          minmay_the_grid_triangle_9x9_fully_insulated_deathbox,
          minmay_the_grid_triangle_9x9_shrine,
          minmay_the_grid_triangle_9x9_prize_special], layout_rooms,
          maelrawn_ghost_gauntlet_escape
D:12:     layout_gridville, enter_trove_6, nzn_ghost_randoct, disabler_island,
          uniq_azrael, uniq_maurice
Lair:1:   layout_cave_pods, dreamdust_mushroom_princess,
          chequers_serial_rivers_small_b, grunt_megastairs_4
Lair:2:   wander_river, layout_chaotic_city, spider_nest_entry_rubble,
          basic_altar, serial_bayou_pond_b, serial_bayou_shore_b
Lair:3:   gammafunk_worm_tunnel, layout_regular_city,
          nicolae_shoals_entry_flooding, pdpol_lair_cabin_in_the_woods
Lair:4:   layout_cellular_growth
Lair:5:   minmay_lair_end_enchanted_forest, layout_cave_pods,
          dpeg_slime_entry_enclosed
Orc:1:    emtedronai_trogs_sanctum, layout_diamond_mine, mines2_david

Skill      XL: |  1  2  3  4  5  6  7  8  9 10 11 12 13 14 15 |
---------------+----------------------------------------------+-----
Fighting       | 3 4 5 6 7 9 12 13 16 17 | 17.5
Axes           | 5 6 7 9 11 13 15 16 | 16.0
Armour         | 9 13 | 13.4
Invocations    | 7 15 | 15.4
Evocations     | 7 9 |  9.6
Throwing       | |  1.7
Dodging        | |  2.4

Action                     |  1- 3 |  4- 6 |  7- 9 | 10-12 | 13-15 || total
---------------------------+-------+-------+-------+-------+-------++-------
  Melee: War axe           |   104 |    92 |   256 |   542 |   282 ||  1276
         Punch             |       |     1 |     5 |     6 |    13 ||    25
         Broad axe         |       |       |       |       |   421 ||   421
  Throw: Throwing net      |       |       |     1 |     1 |     1 ||     3
 Invoke: Elemental Force   |       |       |       |     1 |       ||     1
         Upheaval          |       |       |       |     1 |    14 ||    15
  Evoke: Wand              |       |       |     2 |     6 |     7 ||    15
    Use: Scroll            |       |     9 |     7 |     8 |     7 ||    31
         Potion            |       |       |       |     3 |    10 ||    13
   Stab: Distracted        |       |       |       |     1 |       ||     1
         Petrified         |       |       |       |       |     1 ||     1
 Armour: Leather armour    |    45 |       |       |       |       ||    45
         Chain mail        |     6 |    48 |   119 |   272 |   450 ||   895
         Skin              |       |       |       |       |    51 ||    51
  Dodge: Dodged            |    68 |    49 |    96 |   170 |   305 ||   688
         Repelled          |       |       |       |     3 |     7 ||    10
  Block: Other             |       |     6 |    20 |    92 |   201 ||   319

Table legend: (Time is in decaauts)
 A = Elapsed time spent in this place.
 B = Non-inter-level travel time spent in this place.
 C = Inter-level travel time spent in this place.
 D = Time resting spent in this place.
 E = Time spent auto-exploring this place.
 F = Levels seen in this place.
 G = Mean time per level.
                   A        B        C        D        E       F      G
               +--------+--------+--------+--------+--------+-----+--------+
         Total |  20565 |  19244 |   1321 |   3024 |  13114 |  18 | 1142.5 |
       Dungeon |  14211 |  13387 |    824 |   2389 |   8874 |  12 | 1184.2 |
          Lair |   5228 |   4847 |    381 |     87 |   3940 |   5 | 1045.6 |
  Orcish Mines |   1125 |   1010 |    115 |    548 |    300 |   1 | 1125.0 |
               +--------+--------+--------+--------+--------+-----+--------+

Top non-repeatable levels by time:
    D:10: 1991 daAuts
    D:11: 1494 daAuts
     D:9: 1434 daAuts
    D:12: 1399 daAuts
     D:5: 1274 daAuts
  Lair:5: 1244 daAuts
     D:4: 1144 daAuts
  Lair:3: 1141 daAuts
   Orc:1: 1125 daAuts
  Lair:1: 1098 daAuts
     D:2: 1065 daAuts
     D:7: 1062 daAuts
  Lair:4: 986 daAuts
     D:6: 950 daAuts
     D:3: 946 daAuts
